 Dungeon Crawl Stone Soup version 0.31-a0-806-g0bc164a743 (webtiles) character file.

Game seed: 2875524309531854877

606269 snarfax the Conqueror (level 26, -6/266 HPs)
             Began as a Minotaur Fighter on Sept 19, 2023.
             Was an Elder of Zin.
             Mangled by an Orb Guardian (18 damage)
             ... while paralysed by a dread lich
             ... on level 5 of the Realm of Zot on Sept 20, 2023.
             The game lasted 04:12:22 (70175 turns).

snarfax the Conqueror (Minotaur Fighter)           Turns: 70175, Time: 04:12:23

Health: -6/266     AC: 45    Str: 28    XL:     26   Next: 11%
Magic:  33/33      EV: -1    Int:  2    God:    Zin [****..]
Gold:   6614       SH:  0    Dex: 18    Spells: 25/25 levels left

rFire   + . .        r - +9 broad axe (flame)
rCold   + . .        c - +1 tower shield {rN+}
rNeg    + . .        H - +9 gold dragon scales
rPois   +            (helmet restricted)
rElec   .            L - +4 dragonskin cloak
rCorr   .            d - +2 pair of gloves
SInv    +            Y - +2 pair of boots {rampage}
Will    ++...        D - amulet of regeneration Stlth
                     U - ring of willpower
HPRegen 1.44/turn    b - ring of see invisible
MPRegen 0.23/turn

%: random rage (3%), rampage
@: paralysed, silenced (expiring), marked, on berserk cooldown, constricted,
studying 3 skills
A: horns 2, retaliatory headbutt, fangs 1, agile 1, berserk 1, dopey 1, sense
surroundings 1, screaming 1, wild magic 1, inability to drink after injury 1,
inability to read after injury 1, devolution 2
}: 4/15 runes: decaying, slimy, silver, gossamer
a: Renounce Religion


You were on level 5 of the Realm of Zot.
You worshipped Zin.
Zin was greatly pleased with you.
You visited 11 branches of the dungeon, and saw 53 of its levels.
You visited the Abyss 1 time.
You visited 1 bazaar.
You also visited: Gauntlet and Desolation.

You collected 8683 gold pieces.
You spent 1982 gold pieces at shops.
You donated 87 gold pieces to Zin.

Inventory:

Hand Weapons
 e - a +7 spectral broad axe
 r - a +9 broad axe of flaming (weapon)
Missiles
 p - 20 atropa-tipped darts
 C - 4 throwing nets (quivered)
 J - 11 curare-tipped darts
 T - 11 silver javelins
Armour
 c - a +1 tower shield of positive energy (worn)
 d - a +2 pair of gloves (worn)
 x - the +0 pair of gloves "Xocineb" {rElec Regen+ rCorr Stlth-}
   (You found it in a Gauntlet)

   rElec:     It insulates you from electricity.
   Regen+:    It increases your rate of health regeneration.
   rCorr:     It protects you from acid and corrosion.
   Stlth-:    It makes you less stealthy.
 A - a +1 plate armour of poison resistance
 G - a +2 plate armour of cold resistance
 H - +9 gold dragon scales (worn)
 L - the +4 dragonskin cloak (worn)
   (You took it off Tiamat on level 1 of the Realm of Zot)

   Avatar's Aegis: It grants the wearer a chance to resist fire, cold, poison,
   electricity, acid, and negative energy.
 Y - a +2 pair of boots of rampaging (worn)
Jewellery
 a - a ring of protection from fire
 b - a ring of see invisible (right hand)
 j - a ring of flight
 q - a ring of protection from fire
 t - the amulet "Nuacaina" {Acrobat Harm rElec Will+}
   (You found it on level 3 of the Dungeon)

   [amulet of the acrobat]

   Acrobat:   It increases your evasion while moving and waiting.
   rElec:     It insulates you from electricity.
   Will+:     It increases your willpower.
   Harm:      It increases damage dealt and taken.
 z - the ring "Ireasta" {rPois rC+ rN++ Str+2 Dex-3}
   (You bought it in a shop in a bazaar)

   [ring of poison resistance]

   Str+2:     It affects your strength (+2).
   Dex-3:     It affects your dexterity (-3).
   rC+:       It protects you from cold.
   rPois:     It protects you from poison rN++: It greatly protects you from
   negative energy.
 D - an amulet of regeneration (around neck)
 F - a ring of protection from fire
 K - a +4 ring of protection
 N - a +4 ring of slaying
 Q - a ring of positive energy
 U - a ring of willpower (left hand)
 V - a ring of resist corrosion
 W - the amulet "Wanois" {Faith +Blink rC+ rN+ rCorr}
   (You found it on level 5 of the Vaults)

   [amulet of faith]

   Faith:     It allows you to gain divine favour quickly.
   rC+:       It protects you from cold.
   rN+:       It protects you from negative energy.
   +Blink:    It lets you blink.
   rCorr:     It protects you from acid and corrosion.
 X - a +4 ring of slaying
 Z - the ring of Morality {Int+6 Stlth+}
   (You found it on level 5 of the Pits of Slime)

   [ring of intelligence]

   Int+6:     It affects your intelligence (+6).
   Stlth+:    It makes you more stealthy.
Wands
 g - a wand of light (48)
 y - a wand of flame (180)
 B - a wand of digging (24)
 M - a wand of roots (41)
Scrolls
 i - 4 scrolls of revelation
 l - a scroll of poison
 s - 9 scrolls of fear
 v - 6 scrolls of teleportation
 E - a scroll of blinking
 I - a scroll of enchant armour
 R - 6 scrolls of fog
Potions
 f - 6 potions of invisibility
 h - 13 potions of enlightenment
 m - 8 potions of heal wounds
 n - 2 potions of resistance
 o - 10 potions of haste
 u - 3 potions of cancellation
 w - 22 potions of curing
 O - 2 potions of might
 P - 3 potions of berserk rage
 S - 6 potions of ambrosia
Miscellaneous
 k - a phantom mirror


   Skills:
 O Level 27 Fighting
 O Level 27 Axes
 - Level 20.0 Armour
 + Level 26.1 Dodging
 - Level 20.0 Shields
 - Level 15.0 Invocations


You had 25 spell levels left.
You didn't know any spells.
Your spell library contained the following spells:

 Spells                   Type           Power      Damage    Failure   Level
 Apportation              Tloc           0%         N/A       100%        1
 Foxfire                  Conj/Fire      0%         2x1d4     100%        1
 Freeze                   Ice            0%         1d3       100%        1
 Magic Dart               Conj           0%         1d3       100%        1
 Necrotise                Necr           0%         1d4       100%        1
 Sting                    Tmut/Pois      0%         1d3       100%        1
 Summon Small Mammal      Summ           0%         N/A       100%        1
 Blink                    Tloc           0%         N/A       100%        2
 Call Imp                 Summ           0%         N/A       100%        2
 Ensorcelled Hibernation  Hex/Ice        0%         N/A       100%        2
 Jinxbite                 Hex            0%         N/A       100%        2
 Lesser Beckoning         Tloc           0%         N/A       100%        2
 Passwall                 Tmut/Erth      0%         N/A       100%        2
 Poisonous Vapours        Pois/Air       0%         N/A       100%        2
 Searing Ray              Conj           0%         2d4       100%        2
 Wereblood                Tmut           0%         N/A       100%        2
 Call Canine Familiar     Summ           0%         N/A       100%        3
 Dazzling Flash           Conj/Hex       0%         N/A       100%        3
 Frozen Ramparts          Ice            0%         1d1       100%        3
 Gell's Gravitas          Tloc           0%         N/A       100%        3
 Hailstorm                Conj/Ice       0%         3d3       100%        3
 Ignite Poison            Fire/Tmut/Pois 0%         N/A       100%        3
 Mephitic Cloud           Conj/Pois/Air  0%         N/A       100%        3
 Ozocubu's Armour         Ice            0%         N/A       100%        3
 Sigil of Binding         Hex            0%         N/A       100%        3
 Summon Guardian Golem    Hex/Summ       0%         N/A       100%        3
 Swiftness                Air            0%         N/A       100%        3
 Teleport Other           Tloc           0%         N/A       100%        3
 Volatile Blastmotes      Fire/Tloc      0%         2d10      100%        3
 Airstrike                Air            0%         2d(0-16)  100%        4
 Brom's Barrelling Bould  Conj/Erth      0%         2d3       100%        4
 Cause Fear               Hex            0%         N/A       100%        4
 Dimensional Bullseye     Hex/Tloc       0%         N/A       100%        4
 Fulminant Prism          Conj/Hex       0%         3d5       100%        4
 Iskenderun's Mystic Bla  Conj/Tloc      0%         2d3       100%        4
 Leda's Liquefaction      Hex/Erth       0%         N/A       100%        4
 Manifold Assault         Tloc           0%         N/A       100%        4
 Olgreb's Toxic Radiance  Pois           0%         N/A       100%        4
 Petrify                  Tmut/Erth      0%         N/A       100%        4
 Sticky Flame             Conj/Fire      0%         2d3       100%        4
 Summon Ice Beast         Ice/Summ       0%         N/A       100%        4
 Summon Lightning Spire   Summ/Air       0%         N/A       100%        4
 Vhi's Electric Charge    Tloc/Air       0%         N/A       100%        4
 Agony                    Necr           0%         N/A       100%        5
 Alistair's Intoxication  Tmut/Pois      0%         N/A       100%        5
 Arcjolt                  Conj/Air       0%         1d10      100%        5
 Borgnjor's Vile Clutch   Necr/Erth      0%         N/A       100%        5
 Fireball                 Conj/Fire      0%         3d3       100%        5
 Freezing Cloud           Conj/Ice/Air   0%         6-21      100%        5
 Iskenderun's Battlesphe  Conj           0%         2d6       100%        5
 Metabolic Englaciation   Hex/Ice        0%         N/A       100%        5
 Silence                  Hex/Air        0%         N/A       100%        5
 Summon Forest            Summ/Tloc      0%         N/A       100%        5
 Summon Mana Viper        Hex/Summ       0%         N/A       100%        5
 Conjure Ball Lightning   Conj/Air       0%         3x3d6     100%        6
 Dispersal                Tloc           0%         N/A       100%        6
 Eringya's Noxious Bog    Tmut/Pois      0%         4d6       100%        6
 Plasma Beam              Fire/Air       0%         2x1d10    100%        6
 Starburst                Conj/Fire      0%         6d3       100%        6
 Summon Cactus Giant      Summ           0%         N/A       100%        6
 Malign Gateway           Summ/Tloc      0%         N/A       100%        7
 Monstrous Menagerie      Summ           0%         N/A       100%        7
 Orb of Destruction       Conj           0%         9d5       100%        7
 Ozocubu's Refrigeration  Ice            0%         4d7       100%        7
 Spellforged Servitor     Conj/Summ      0%         N/A       100%        7
 Discord                  Hex            0%         N/A       100%        8
 Disjunction              Tloc           0%         N/A       100%        8
 Ignition                 Fire           0%         3d3       100%        8
 Maxwell's Capacitive Co  Air            0%         ∞         100%        8
 Chain Lightning          Conj/Air       0%         N/A       100%        9
 Dragon's Call            Summ           0%         N/A       100%        9


Dungeon Overview and Level Annotations

Branches:
Dungeon (15/15)            Temple (1/1) D:6            Lair (5/5) D:11
  Swamp (4/4) Lair:3       Spider (4/4) Lair:2        Slime (5/5) Lair:5
    Orc (2/2) D:10            Elf (3/3) Orc:2        Vaults (5/5) D:14
  Crypt (0/3) Vaults:2     Depths (4/4) D:15            Zot (5/5) Depths:4
Desolation (visited)      Gauntlet (visited)

Altars:
Ashenzari
Cheibriados
Dithmenos
Elyvilon
Fedhas
Gozag
Hepliaklqana
Kikubaaqudgha
Makhleb
Nemelex Xobeh
Okawaru
Qazlal
Ru
Sif Muna
Trog
Uskayaw
Vehumet
Wu Jian
Xom
Yredelemnul
Zin
The Shining One
Jiyva
Lugonu

Shops:
D:12 *   D:13 =   D:15 *   Orc:2 [(*:   Elf:1 =   Elf:2 *   Vaults:2 [
Vaults:4 *   Depths:1 !:((

Portals:
Hell: Depths:1 Depths:2 Depths:3 Depths:4
Abyss: Lair:5 Depths:3
Pandemonium: Depths:2
Ziggurat: Depths:2
Trove: Depths:4 (give +2 fire dragon scales)

Annotations:
D:10 Sonja
Slime:3 Dissolution
Depths:2 2 transporters
Depths:4 1 runed translucent door


Innate Abilities, Weirdness & Mutations

You have a pair of horns on your head.
You reflexively headbutt those who attack you in melee.
You have very sharp teeth.
You are agile. (Dex +4, Str/Int -1)
You sometimes lose your temper in combat.
You are dopey. (Int -2)
You passively map a small area around you.
You occasionally shout uncontrollably at your foes.
Your spells are a little harder to cast, but a little more powerful.
You occasionally lose the ability to drink potions when taking damage.
You occasionally lose the ability to read scrolls when taking damage.
You have terrible hidden genetic defects.


Message History

You headbutt the Orb Guardian! The Orb Guardian hits you!
The Orb Guardian hits you!!!
* * * LOW HITPOINT WARNING * * *
The Orb Guardian rages.
You feel much better. You block the Orb Guardian's attack. x2
The Orb Guardian hits you but does no damage.
The Orb Guardian closely misses you. You furiously retaliate!
You headbutt the Orb Guardian!
The Orb Guardian rages.
The Orb Guardian hits you!
* * * LOW HITPOINT WARNING * * *
The moth of wrath goads the Orb Guardian on!
The Orb Guardian goes berserk!
The dread lich casts a spell at you.
You suddenly lose the ability to move!
The Killer Klown blinks!
The Killer Klown pulls the alarm!
A sentinel's mark forms upon you. The Orb Guardian hits you.
* * * LOW HITPOINT WARNING * * *
The tentacled monstrosity tentacle-slaps you but does no damage. x3
The tentacled monstrosity grabs you.
The tentacled monstrosity constricts you.
The Killer Klown pantomimes your execution.
The Orb Guardian hits you.
* * * LOW HITPOINT WARNING * * *
The Orb Guardian hits you!
* * * LOW HITPOINT WARNING * * *
The Orb Guardian hits you!
* * * LOW HITPOINT WARNING * * *
The Orb Guardian hits you!!
* * * LOW HITPOINT WARNING * * *
The moth of wrath goads the Orb Guardian on!
The Orb Guardian goes berserk!
The dread lich touches you but does no damage.
The Killer Klown does a somersault.
You feel yourself speed up. The Orb Guardian hits you.
* * * LOW HITPOINT WARNING * * *
The Orb Guardian hits you!!
You die...

........# **,,,,,,,,,,,,,,**
.......#* ##..$.............##
.......# ##.......?....$.....##
......## #........§..........^#
......# #.[........p...^.....#
......## #...p..y....p........#
.......# #.....X....2...2.....#
.......## #....XLpX.p........Xp#
........###...XX@*X....^....p§.#
######...###...XXXX.^........X##
##....##...X...........^##
###X*..p.....^........#*
#▓▓▓▓▓▓▓▓▓▓▓##.....▓*
****,,,,,,,^,.^.!.,**
***,^,,,,,,,,,,....,,,**
**,,,,,,,,,,,,,,....,,,,** *****
*,,,,,,,,,,,,,,,,,,,,,,,,*


You could see an orb of fire, 6 Killer Klowns, a tentacled monstrosity, a dread
lich (fast, invisible), a cacodemon (summoned), 10 Orb Guardians and a moth of
wrath.

Vanquished Creatures
  the Royal Jelly (Slime:5)
  An ancient lich (Zot:5)
  5 orbs of fire
  Tiamat (Zot:1)
  3 dread liches
  Parghit (Depths:3)
  Sojobo (Depths:4)
  Josephina (Zot:2)
  Vv (Depths:4)
  2 Killer Klowns (Zot:5)
  Saint Roka (Orc:2)
  Xtahua (Vaults:2)
  A curse toe (Zot:5)
  8 caustic shrikes
  Jory (Depths:4)
  8 golden dragons
  3 bone dragons (Depths:4)
  Arachne (Spider:3)
  2 electric golems
  Norris (Orc:2)
  20 tentacled monstrosities
  5 deep elf blademasters
  Mlioglotl (Spider:3)
  10 Orb Guardians (Zot:5)
  A lich (Depths:2)
  4 deep elf master archers (Elf:3)
  8 quicksilver dragons
  4 titans
  9 sphinxes
  14 acid blobs
  Agnes (Spider:3)
  6 tengu reavers
  4 death cobs
  17 storm dragons
  A thorn hunter (Swamp:4)
  9 shadow dragons
  4 draconian monks
  7 azure jellies
  9 rockslimes
  17 vault wardens
  Aizul (Spider:1)
  A fenstrider witch (Swamp:4)
  9 fire giants
  10 draconian knights
  An iron dragon (Vaults:5)
  6 draconian scorchers
  10 ghost moths
  8 emperor scorpions
  Louise (Swamp:2)
  9 deep elf elementalists
  6 draconian shifters
  11 deep elf sorcerers
  6 frost giants
  17 very ugly things
  7 broodmothers
  2 spriggan defenders (Depths:4)
  13 stone giants
  3 draconian stormcallers
  2 war gargoyles
  20 ironbound preservers
  12 draconian annihilators
  12 quicksilver oozes
  4 vampire knights
  5 formless jellyfish
  11 ironbound thunderhulks
  16 black draconians
  An eleionoma (Swamp:3)
  7 dire elephants
  11 green draconians
  4 bunyips
  7 deep elf annihilators (Elf:3)
  3 demonspawn black suns (Zot:4)
  16 red draconians
  6 deep elf demonologists
  18 yellow draconians
  14 purple draconians
  9 white draconians
  A minotaur (Gauntlet)
  An eidolon (Abyss:2)
  13 spark wasps
  2 crystal guardians
  6 deep elf death magi
  13 ettins
  5 fire dragons
  4 entropy weavers
  13 yaktaur captains
  2 ragged hierophants
  5 great orbs of eyes
  8 deep elf high priests
  4 rakshasas
  36 vault guards
  8 ice dragons
  2 servants of whispers (Desolation)
  19 hydras
  An ogre mage (D:15)
  16 centaur warriors
  2 spriggan air magi
  5 alligators
  2 peacekeepers
  9 boulder beetles
  11 ironbound frosthearts
  6 radroaches
  2 jorogumos
  6 death yaks (Lair:4)
  A death knight (D:14)
  27 dancing weapons
  2 catoblepae
  13 two-headed ogres
  6 tengu warriors
  4 deep troll shamans
  A death scarab (Spider:2)
  5 deep troll earth magi
  3 orc high priests
  3 spriggan berserkers
  8 demonic crawlers
  9 hell knights
  2 thrashing horrors (Lair:5)
  18 deep elf knights
  Urug (Lair:3)
  Amaemon (D:9)
  2 fire crabs (Swamp:4)
  6 iron trolls
  A fire crab (shapeshifter) (Vaults:5)
  10 skeletal warriors
  3 sun moths
  8 pharaoh ants
  54 deep trolls
  6 skysharks
  A death drake (shapeshifter) (Depths:3)
  2 goliath frogs
  2 flayed ghosts
  5 orb spiders
  9 swamp dragons
  4 spriggan druids
  3 glowing orange brains
  8 wizards
  An orange crystal statue (Depths:1)
  7 steelbarb worms
  11 lindwurms
  7 deep elf archers
  4 harpies
  26 ironbound convokers
  2 bog bodies
  3 necromancers
  4 phantasmal warriors
  39 ugly things
  24 deep elf pyromancers
  26 deep elf zephyrmancers
  2 oklob plants
  6 orc knights
  6 orc sorcerers
  3 will-o-the-wisps
  6 cyclopes
  3 shining eyes
  2 manticores
  23 moths of wrath
  32 wolf spiders
  A cyclops (shapeshifter) (Depths:4)
  Maurice (Orc:1)
  5 black mambas
  2 smoke demons (Lair:5)
  22 vault sentinels
  4 elephants (Gauntlet)
  A centaur zombie (D:15)
  2 gargoyles
  4 centaur skeletons (D:15)
  2 unseen horrors
  4 eyes of devastation
  14 cane toads
  An orange demon (D:9)
  4 torpor snails
  3 tengu conjurers
  6 rime drakes
  44 yaktaurs
  3 kobold demonologists (D:12)
  A freezing wraith (D:14)
  A yaktaur (shapeshifter) (Vaults:5)
  3 komodo dragons
  An efreet (D:14)
  8 trolls
  3 meliai (D:14)
  A polar bear (D:11)
  Grinder (D:6)
  A tarantella (shapeshifter) (D:14)
  18 hornets
  A wolf spider simulacrum (D:13)
  A shadow dragon simulacrum (Zot:2)
  5 raiju
  20 blink frogs
  8 tyrant leeches
  10 saltlings
  2 snapping turtles (shapeshifter)
  36 tarantellas
  22 jumping spiders
  A centaur simulacrum (Gauntlet)
  81 slime creatures
  4 water elementals
  18 spriggans
  Sigmund (D:4)
  2 air elementals
  2 wyverns
  2 vampires
  21 culicivoras
  4 ynoxinuls
  3 wraiths
  10 basilisks
  4 steam dragons
  15 small abominations
  46 yaks
  4 fire bats (Swamp:4)
  2 vampire mosquitoes (D:8)
  7 golden eyes
  2 chaos spawn (Lair:5)
  58 redbacks
  14 swamp worms
  An acid dragon (D:13)
  Edmund (D:4)
  An acid dragon (shapeshifter) (Depths:3)
  7 wargs
  9 large abominations
  2 moth of wrath simulacra (Zot:2)
  8 water moccasins
  10 swamp drakes
  2 floating eyes
  27 orc warriors
  A meliai simulacrum (Gauntlet)
  4 ice beasts (D:11)
  2 black bears
  18 wolves
  5 ogres
  10 centaurs
  4 kobold brigands
  2 phantoms
  5 bullfrogs
  2 scorpions
  2 earth elementals
  10 wights
  A killer bee (shapeshifter) (Vaults:5)
  5 killer bees (D:7)
  12 electric eels
  3 howler monkeys
  A wyvern simulacrum (Gauntlet)
  3 hounds
  19 orc priests
  An iron imp (Abyss:2)
  2 sleepcaps
  2 iguanas
  38 orc wizards
  7 hell rats (Lair:4)
  4 polar bear simulacra (D:12)
  A yak simulacrum (D:12)
  5 wolf simulacra (D:12)
  A boggart simulacrum (Gauntlet)
  10 adders
  4 gnolls (D:3)
  2 shadow imps
  A white imp (D:6)
  2 worms
  2 dart slugs
  80 orcs
  9 ball pythons
  7 endoplasms
  7 giant cockroaches
  7 goblins
  9 hobgoblins
  7 quokkas
  8 bats
  6 frilled lizards
  26 kobolds
  6 rats
  A river rat simulacrum (D:12)
  A spectral goblin (D:2)
2161 creatures vanquished.

Vanquished Creatures (others)
  A fenstrider witch (Swamp:4)
  A fire giant (Depths:2)
  A draconian knight (Zot:1)
  A draconian stormcaller (Zot:3)
  An alligator (Swamp:4)
  A centaur warrior (D:14)
  A deep elf knight (Elf:1)
  2 deep elf zephyrmancers
  A will-o-the-wisp (Swamp:4)
  3 tyrant leeches (Swamp:4)
  A bloated husk (Swamp:1)
  A saltling (Desolation)
  2 swamp drakes (Swamp:4)
  An iguana (D:7)
  4 foxfires
22 creatures vanquished.

Grand Total: 2183 creatures vanquished

Notes
Turn   | Place    | Note
-------+----------+-------------------------------------------
     0 | D:1      | snarfax the Minotaur Fighter began the quest for the Orb.
     0 | D:1      | Reached XP level 1. HP: 19/19 MP: 0/0
   143 | D:1      | Reached XP level 2. HP: 25/26 MP: 1/1
   491 | D:1      | Reached XP level 3. HP: 29/31 MP: 0/2
  1123 | D:2      | Found a faded altar of an unknown god.
  1137 | D:1      | Reached XP level 4. HP: 30/39 MP: 1/3
  1539 | D:2      | Reached skill level 5 in Axes
  2225 | D:3      | Reached skill level 5 in Shields
  2225 | D:3      | Reached XP level 5. HP: 21/45 MP: 4/4
  2455 | D:3      | Found a snail-covered altar of Cheibriados.
  2817 | D:3      | Identified the amulet "Nuacaina" {Acrobat Harm rElec Will+}
  3150 | D:3      | Found an ancient bone altar of Kikubaaqudgha.
  3399 | D:4      | Noticed Edmund
  3408 | D:4      | Killed Edmund
  3409 | D:4      | Reached XP level 6. HP: 30/51 MP: 2/5
  3561 | D:4      | Noticed Sigmund
  3569 | D:4      | Killed Sigmund
  3585 | D:4      | Reached XP level 7. HP: 56/57 MP: 6/6
  3777 | D:4      | Found a shimmering blue altar of Sif Muna.
  3858 | D:5      | Entered Level 5 of the Dungeon
  3894 | D:5      | Reached skill level 10 in Axes
  4192 | D:5      | Reached XP level 8. HP: 56/64 MP: 5/7
  4423 | D:5      | Found a broken altar of Ashenzari.
  4423 | D:5      | Found an opulent altar of Gozag.
  5115 | D:6      | Found a burning altar of Makhleb.
  5336 | D:6      | Found a staircase to the Ecumenical Temple.
  5345 | Temple   | Entered the Ecumenical Temple
  5353 | Temple   | Became a worshipper of Elyvilon the Healer
  5451 | D:6      | Noticed Grinder
  5453 | D:6      | Paralysed by Grinder for 5 turns
  5474 | D:6      | Killed Grinder
  5916 | D:7      | Got a whispering book
  5981 | D:7      | Reached XP level 9. HP: 67/70 MP: 6/8
  6113 | D:7      | Found an iron altar of Okawaru.
  6607 | D:8      | Found a hazy altar of Hepliaklqana.
  6607 | D:8      | Found a glowing silver altar of Zin.
  6613 | D:8      | Found a glowing golden altar of the Shining One.
  6722 | D:8      | Reached skill level 15 in Axes
  6807 | D:8      | Killed an unseen horror
  7083 | D:8      | Reached * piety under Elyvilon
  7342 | D:8      | Found a sacrificial altar of Ru.
  7837 | D:9      | Reached XP level 10. HP: 70/77 MP: 9/9
  8424 | D:9      | Reached ** piety under Elyvilon
  9049 | D:9      | Noticed Amaemon
  9051 | D:9      | Noticed an orange demon
  9064 | D:9      | Killed Amaemon
  9065 | D:9      | Reached skill level 5 in Fighting
  9073 | D:9      | Killed an orange demon
  9395 | D:10     | Entered Level 10 of the Dungeon
  9557 | D:10     | Reached XP level 11. HP: 92/95 MP: 8/10
  9763 | D:10     | Found an ornate altar of the Wu Jian Council.
  9968 | D:10     | Found a staircase to the Orcish Mines.
 10017 | D:10     | Noticed Sonja
 10240 | D:11     | Found a stormy altar of Qazlal.
 10372 | D:11     | Reached skill level 10 in Fighting
 10402 | D:11     | Noticed a two-headed ogre
 10511 | D:11     | Killed a two-headed ogre
 10594 | D:11     | Found a staircase to the Lair.
 10616 | D:11     | Reached *** piety under Elyvilon
 10666 | D:11     | Noticed a two-headed ogre
 10674 | D:11     | Killed a two-headed ogre
 11156 | Lair:1   | Entered Level 1 of the Lair of Beasts
 11427 | Lair:1   | Noticed an oklob plant
 11729 | Lair:1   | Reached **** piety under Elyvilon
 12356 | Lair:2   | Noticed a seven-headed hydra
 12373 | Lair:1   | Killed a two-headed hydra
 12374 | Lair:1   | Reached skill level 1 in Invocations
 12519 | Lair:2   | Reached XP level 12. HP: 112/118 MP: 12/12
 12613 | Lair:2   | Noticed an eight-headed hydra
 12644 | Lair:2   | Killed a five-headed hydra
 12895 | Lair:2   | Found a hole to the Spider Nest.
 13185 | Lair:2   | Reached skill level 15 in Fighting
 13495 | Lair:2   | Reached skill level 5 in Invocations
 14030 | Lair:3   | Noticed Urug
 14047 | Lair:3   | Killed Urug
 14277 | Lair:3   | Reached ***** piety under Elyvilon
 14856 | Lair:3   | Found a staircase to the Swamp.
 15139 | Lair:4   | Identified the +7 halberd "Vuhecw" {venom, Int+4}
 15140 | Lair:4   | Noticed an eight-headed hydra
 15148 | Lair:4   | Killed a four-headed hydra
 15262 | Lair:4   | Noticed a catoblepas
 15271 | Lair:4   | Killed a catoblepas
 15620 | Lair:4   | Noticed a death yak
 15727 | Lair:4   | Noticed a death yak
 15727 | Lair:4   | Noticed a death yak
 15727 | Lair:4   | Noticed a death yak
 15743 | Lair:4   | Noticed a death yak
 15743 | Lair:4   | Noticed a death yak
 15748 | Lair:4   | Killed a death yak
 16111 | Lair:4   | Killed a death yak
 16112 | Lair:4   | Reached XP level 13. HP: 103/130 MP: 13/17
 16244 | Lair:5   | Entered Level 5 of the Lair of Beasts
 16439 | Lair:5   | Reached skill level 1 in Dodging
 16769 | Lair:5   | Found a staircase to the Slime Pits.
 17708 | Lair:5   | Reached skill level 5 in Dodging
 17894 | Lair:5   | Reached skill level 10 in Invocations
 17996 | Lair:5   | Reached XP level 14. HP: 74/144 MP: 10/20
 18236 | Lair:5   | Found a corrupted altar of Lugonu.
 18236 | Lair:5   | Found a one-way gate to the infinite horrors of the Abyss.
 18236 | Lair:5   | Found the +7 lajatang of Order {silver, rMut}
 19669 | D:12     | Reached ****** piety under Elyvilon
 20121 | D:12     | Found Xeen's Specific Store.
 20125 | D:12     | Found Lesaun's General Store.
 20130 | D:12     | Bought a scroll of blinking for 105 gold pieces
 20134 | D:12     | Bought a potion of haste for 120 gold pieces
 20703 | D:13     | Found Wajoun's Jewellery Shoppe.
 21563 | D:14     | Found a gate to the Vaults.
 21595 | D:14     | Found a gate leading to a gauntlet.
 21601 | Gauntlet | Entered a Gauntlet
 21601 | Gauntlet | Found a transporter.
 21601 | Gauntlet | Found a transporter.
 21601 | Gauntlet | Found a transporter.
 21604 | Gauntlet | Found a transporter.
 21605 | Gauntlet | Found a transporter.
 21624 | Gauntlet | Found a transporter.
 21702 | Gauntlet | Found a transporter.
 21708 | Gauntlet | Found a transporter.
 21716 | Gauntlet | Found a transporter.
 21735 | Gauntlet | Found a transporter.
 21743 | Gauntlet | Found a transporter.
 21766 | Gauntlet | Found a transporter.
 21905 | Gauntlet | Identified the +0 pair of gloves "Xocineb" {rElec Regen+
                  | rCorr Stlth-}
 22046 | Gauntlet | Identified the +0 scale mail of Uxamudis {rN+}
 22352 | D:14     | Reached skill level 10 in Dodging
 22807 | D:14     | Reached XP level 15. HP: 145/157 MP: 21/21
 23836 | D:15     | Entered Level 15 of the Dungeon
 23987 | D:15     | Found a white marble altar of Elyvilon.
 24092 | D:15     | Found Hubraig's Assorted Antiques.
 24150 | D:15     | Bought a scroll of teleportation for 72 gold pieces
 24150 | D:15     | Bought a scroll of enchant weapon for 180 gold pieces
 24150 | D:15     | Bought a scroll of blinking for 180 gold pieces
 24624 | D:15     | Found a staircase to the Depths.
 25188 | D:15     | Found the +5 Lochaber axe {reach-cleave, Poleaxe Drain}
 25381 | D:15     | Upgraded the game from 0.31-a0-799-g6bc09d010c to
                  | 0.31-a0-803-g95b03c3367
 25528 | Orc:1    | Entered Level 1 of the Orcish Mines
 25782 | Orc:2    | Entered Level 2 of the Orcish Mines
 26090 | Orc:1    | Noticed Maurice
 26099 | Orc:1    | Killed Maurice
 26291 | Orc:2    | Paralysed by an orc sorcerer for 5 turns
 26437 | Orc:2    | Found a staircase to the Elven Halls.
 26497 | Orc:2    | Reached XP level 16. HP: 148/174 MP: 18/22
 26513 | Orc:2    | Noticed Saint Roka
 26991 | Orc:2    | Killed Saint Roka
 27192 | Orc:2    | Found Jiolurr's Book Boutique.
 27199 | Orc:2    | Found Axypp's General Store.
 27321 | Orc:2    | Found Dic Qihidua's Antique Weapon Boutique.
 27337 | Orc:2    | Found Joatatoh's Antique Armour Boutique.
 27698 | Swamp:1  | Entered Level 1 of the Swamp
 28630 | Swamp:2  | Identified the +0 whip of Youthful Indiscretion {vamp,
                  | Str+4}
 29419 | Swamp:3  | Noticed Louise
 29759 | Swamp:2  | Killed Louise
 29940 | Swamp:3  | Reached skill level 5 in Armour
 30427 | Swamp:4  | Entered Level 4 of the Swamp
 31154 | Swamp:4  | Got a decaying rune of Zot
 31164 | Swamp:4  | Noticed a thorn hunter
 31172 | Swamp:4  | Killed a thorn hunter
 31193 | Swamp:4  | Paralysed by a fenstrider witch for 4 turns
 31207 | Swamp:4  | Reached XP level 17. HP: 95/188 MP: 10/23
 31660 | Spider:1 | Entered Level 1 of the Spider Nest
 32279 | Spider:1 | Noticed Aizul
 32289 | Spider:1 | Killed Aizul
 32849 | Spider:1 | Reached skill level 10 in Armour
 35278 | Spider:3 | Noticed Mlioglotl
 35293 | Spider:3 | Killed Mlioglotl
 35622 | Spider:3 | Reached XP level 18. HP: 189/199 MP: 22/25
 35625 | Spider:3 | Reached skill level 10 in Shields
 36183 | Spider:3 | Noticed Agnes
 36196 | Spider:3 | Killed Agnes
 36775 | Spider:4 | Entered Level 4 of the Spider Nest
 36783 | Spider:4 | Noticed Arachne
 36813 | Spider:3 | Killed Arachne
 37233 | Spider:4 | Gained mutation: You do not regenerate when monsters are
                  | visible. [mutagenic glow]
 37244 | Spider:3 | Gained mutation: You sometimes lose your temper in combat.
                  | [mutagenic glow]
 37350 | Spider:3 | Lost mutation: You do not regenerate when monsters are
                  | visible. [potion of mutation]
 37350 | Spider:3 | Lost mutation: You sometimes lose your temper in combat.
                  | [potion of mutation]
 37350 | Spider:3 | Gained mutation: Your mind is acute. (Int +4, Str/Dex -1)
                  | [potion of mutation]
 37350 | Spider:3 | Gained mutation: Your flesh is heat resistant. (rF+)
                  | [potion of mutation]
 37350 | Spider:3 | Gained mutation: Armour fits poorly on your strangely
                  | shaped body. [potion of mutation]
 37350 | Spider:3 | Gained mutation: You possess an exceptional clarity of
                  | mind. [potion of mutation]
 37351 | Spider:3 | Lost mutation: Your mind is acute. (Int +4, Str/Dex -1)
                  | [potion of mutation]
 37351 | Spider:3 | Lost mutation: Your flesh is heat resistant. (rF+) [potion
                  | of mutation]
 37351 | Spider:3 | Lost mutation: You possess an exceptional clarity of mind.
                  | [potion of mutation]
 37351 | Spider:3 | Gained mutation: You occasionally lose the ability to read
                  | scrolls when taking damage. [potion of mutation]
 37351 | Spider:3 | Gained mutation: You possess an exceptional clarity of
                  | mind. [potion of mutation]
 37351 | Spider:3 | Gained mutation: You expend magic power (3 MP) to
                  | strengthen your wands. [potion of mutation]
 37352 | Spider:3 | Lost mutation: You occasionally lose the ability to read
                  | scrolls when taking damage. [potion of mutation]
 37352 | Spider:3 | Lost mutation: Armour fits poorly on your strangely shaped
                  | body. [potion of mutation]
 37352 | Spider:3 | Gained mutation: You have sharp toenails. [potion of
                  | mutation]
 37352 | Spider:3 | Gained mutation: You are somewhat resistant to further
                  | mutation. [potion of mutation]
 37609 | Spider:4 | Elyvilon protects you from harm!
 38059 | Spider:4 | Reached skill level 27 in Fighting
 38447 | Spider:4 | Got a gossamer rune of Zot
 38726 | Vaults:1 | Entered Level 1 of the Vaults
 38795 | Vaults:1 | Found a flickering gateway to a bazaar.
 38806 | Bazaar   | Entered a bazaar
 38822 | Bazaar   | Found Gemm's Distillery.
 38827 | Bazaar   | Found Doxkifykk's Book Emporium.
 38838 | Bazaar   | Found Zecojufi's Jewellery Shop.
 38872 | Bazaar   | Found Mittuh's Book Shop.
 38898 | Bazaar   | Bought a potion of curing for 57 gold pieces
 38898 | Bazaar   | Bought a potion of curing for 57 gold pieces
 38898 | Bazaar   | Bought a potion of curing for 57 gold pieces
 38898 | Bazaar   | Bought 2 potions of heal wounds for 190 gold pieces
 38913 | Bazaar   | Bought the ring "Ireasta" {rPois rC+ rN++ Str+2 Dex-3} for
                  | 381 gold pieces
 39069 | Vaults:2 | Reached skill level 15 in Armour
 39201 | Vaults:2 | Noticed Xtahua
 39231 | Vaults:2 | Paralysed by Xtahua for 5 turns
 40115 | D:14     | Reached XP level 19. HP: 80/207 MP: 27/27
 41439 | Vaults:1 | Identified the +6 plate armour of Elyvilon's Hatred {Str+3
                  | Stlth+}
 41443 | Vaults:1 | Identified the +6 short sword of Thoughtfulness {venom,
                  | Fragile +Blink SInv}
 42414 | Vaults:2 | Found Evudusen's Armour Boutique.
 42527 | Vaults:2 | Found a staircase to the Crypt.
 42527 | Vaults:2 | Found a basalt altar of Yredelemnul.
 42528 | Vaults:2 | Found an ancient bone altar of Kikubaaqudgha.
 42661 | Vaults:2 | Paralysed by Xtahua for 3 turns
 42675 | Vaults:2 | Killed Xtahua
 43590 | Vaults:3 | Found a crumbling gateway.
 43630 | Desolati | Entered the Desolation of Salt
 44343 | Elf:1    | Entered Level 1 of the Elven Halls
 44343 | Elf:1    | Noticed Norris
 44618 | Orc:2    | Killed Norris
 44837 | Elf:1    | Found a shimmering blue altar of Sif Muna.
 44940 | Elf:1    | Reached XP level 20. HP: 201/216 MP: 29/29
 45082 | Elf:1    | Found Ibiuraro's Jewellery Boutique.
 45608 | Elf:1    | Got a colourful book
 45748 | Elf:1    | Paralysed by an air elemental for 1 turns
 45933 | Elf:2    | Found a runed translucent gate.
 45934 | Elf:2    | Found a runed translucent gate.
 45934 | Elf:2    | Found a runed translucent gate.
 46023 | Elf:2    | Found Jeumu's General Store.
 46033 | Elf:2    | Bought a scroll of blinking for 120 gold pieces
 46827 | Elf:2    | Reached skill level 15 in Shields
 47083 | Elf:3    | Entered Level 3 of the Elven Halls
 47599 | Elf:3    | Identified the ring "Kainubet" {Ice Drain rPois rCorr
                  | Str+6}
 47712 | Elf:3    | Reached skill level 15 in Invocations
 48208 | Elf:3    | Identified the ring of the King {Fire rN+ Will+ Int-4}
 48259 | Elf:3    | Paralysed by an air elemental for 1 turns
 48281 | Elf:3    | Identified the ring "Emawaph" {Drain rC+ EV+5 Str+7}
 48471 | Elf:3    | Identified the +8 rapier "String" {protect, Str+3 Int+3}
 48683 | Elf:3    | Identified the +3 flail of Fortitude {drain, MP+9 Dex+2
                  | SInv}
 48686 | Abyss:2  | Cast into level 2 of the Abyss (a deep elf sorcerer)
 48695 | Abyss:2  | Found a transporter.
 48695 | Abyss:2  | Found a corrupted altar of Lugonu.
 48715 | Abyss:2  | Found a corrupted altar of Lugonu.
 48729 | Abyss:2  | Reached XP level 21. HP: 224/224 MP: 31/31
 48927 | Elf:3    | Escaped the Abyss
 49010 | Elf:3    | Identified the +3 mace "Xiwulaes" {drain, Will+ Int+3 SInv}
 49421 | Slime:1  | Entered Level 1 of the Pits of Slime
 49477 | Slime:1  | Gained mutation: Your body sometimes deteriorates upon
                  | taking damage. [a shining eye]
 49510 | Slime:1  | Lost mutation: You possess an exceptional clarity of mind.
                  | [a shining eye]
 49848 | Slime:5  | Entered Level 5 of the Pits of Slime
 50022 | Slime:5  | Noticed the Royal Jelly
 50176 | Slime:3  | Noticed Dissolution
 50359 | Slime:5  | Found a viscous altar of Jiyva.
 50386 | Slime:5  | Killed the Royal Jelly
 50514 | Slime:5  | Identified the ring of Morality {Int+6 Stlth+}
 50521 | Slime:5  | Identified the +11 sling "Jitoc" {flame, Dex+4}
 50541 | Slime:5  | Identified the +0 ring mail of Ocatz {Drain Regen+ Int-4
                  | Stlth+}
 50600 | Slime:5  | Got a slimy rune of Zot
 51020 | Slime:4  | Gained mutation: You sometimes lose your temper in combat.
                  | [a shining eye]
 51068 | Slime:5  | Lost mutation: You expend magic power (3 MP) to strengthen
                  | your wands. [potion of mutation]
 51068 | Slime:5  | Lost mutation: You are somewhat resistant to further
                  | mutation. [potion of mutation]
 51068 | Slime:5  | Gained mutation: Your flesh is cold resistant. (rC+)
                  | [potion of mutation]
 51069 | Slime:5  | Lost mutation: You sometimes lose your temper in combat.
                  | [potion of mutation]
 51069 | Slime:5  | Lost mutation: You have sharp toenails. [potion of
                  | mutation]
 51069 | Slime:5  | Gained mutation: You occasionally shout uncontrollably at
                  | your foes. [potion of mutation]
 51070 | Slime:5  | Lost mutation: You occasionally shout uncontrollably at
                  | your foes. [potion of mutation]
 51070 | Slime:5  | Lost mutation: Your body sometimes deteriorates upon taking
                  | damage. [potion of mutation]
 51070 | Slime:5  | Lost mutation: Your flesh is cold resistant. (rC+) [potion
                  | of mutation]
 51070 | Slime:5  | Gained mutation: Armour fits poorly on your strangely
                  | shaped body. [potion of mutation]
 51070 | Slime:5  | Gained mutation: Your mind is acute. (Int +4, Str/Dex -1)
                  | [potion of mutation]
 51070 | Slime:5  | Gained mutation: You are partially covered in iridescent
                  | scales. (AC +2) [potion of mutation]
 52521 | Vaults:4 | Paralysed by a sphinx for 5 turns
 52900 | Vaults:4 | Identified the +1 flail "Ver Satoe" {heavy, rPois rC+++
                  | Str-5 Int-2}
 53238 | Vaults:4 | Reached XP level 22. HP: 200/233 MP: 32/32
 53448 | Vaults:4 | Found Dufusez's General Store.
 53455 | Vaults:4 | Bought a scroll of teleportation for 33 gold pieces
 53455 | Vaults:4 | Bought a potion of haste for 110 gold pieces
 53455 | Vaults:4 | Bought a potion of haste for 110 gold pieces
 53977 | Depths:1 | Entered Level 1 of the Depths
 54182 | Depths:1 | Found Zinics's Antique Weapon Shop.
 54182 | Depths:1 | Found Fompixot's Book Boutique.
 54183 | Depths:1 | Found Keannil's Distillery.
 54187 | Depths:1 | Bought 2 potions of heal wounds for 140 gold pieces
 54187 | Depths:1 | Bought a potion of heal wounds for 70 gold pieces
 54187 | Depths:1 | Found Lymec's Weapon Shop.
 54495 | Depths:1 | Found a gateway to Hell.
 55006 | Depths:1 | Identified the amulet of Nenurghu {Faith rElec Will+ Int-5}
 55491 | Depths:2 | Found a transporter.
 55595 | Depths:2 | Found a transporter.
 55725 | Depths:2 | Found a one-way gateway to a ziggurat.
 55797 | Depths:2 | Found a one-way gate leading to the halls of Pandemonium.
 56168 | Depths:2 | Identified a scroll of acquirement
 56174 | Depths:2 | Acquired 1146 gold pieces
 56550 | Depths:3 | Got an exquisite book
 56829 | Depths:3 | Noticed a dread lich
 56851 | Depths:3 | Paralysed by something for 2 turns
 56866 | Depths:3 | Killed a dread lich
 57104 | Depths:3 | Noticed Parghit
 57127 | Depths:3 | Killed Parghit
 57231 | Depths:4 | Entered Level 4 of the Depths
 57254 | Depths:4 | Noticed a caustic shrike
 57335 | Depths:4 | Noticed a caustic shrike
 57349 | Depths:3 | Killed a caustic shrike
 57352 | Depths:3 | Killed a caustic shrike
 57465 | Depths:4 | Noticed a caustic shrike
 57476 | Depths:4 | Killed a caustic shrike
 57477 | Depths:4 | Reached XP level 23. HP: 193/240 MP: 33/33
 57591 | Depths:4 | Noticed a caustic shrike
 57618 | Depths:4 | Noticed a caustic shrike
 57619 | Depths:4 | Killed a caustic shrike
 57626 | Depths:4 | Killed a caustic shrike
 57659 | Depths:4 | Noticed Jory
 57675 | Depths:4 | Killed Jory
 57774 | Depths:4 | Noticed a caustic shrike
 57778 | Depths:4 | Noticed a caustic shrike
 57779 | Depths:4 | Noticed a caustic shrike
 57789 | Depths:4 | Killed a caustic shrike
 57791 | Depths:4 | Killed a caustic shrike
 57791 | Depths:4 | Killed a caustic shrike
 58028 | Depths:4 | Noticed Vv
 58145 | Depths:4 | Found a portal to a secret trove of treasure.
 58359 | Depths:4 | Noticed Sojobo
 58391 | Depths:4 | Killed Sojobo
 58664 | Depths:4 | Reached skill level 27 in Axes
 58909 | Depths:4 | Found a runed translucent door.
 58915 | Depths:4 | Found a runed translucent door.
 58950 | Depths:4 | Found a runed translucent door.
 58958 | Depths:4 | Found a runed translucent door.
 59125 | Depths:4 | Killed Vv
 59216 | Depths:4 | Found a runed translucent door.
 59222 | Depths:4 | Found a runed translucent door.
 59391 | Depths:4 | Found a gate to the Realm of Zot.
 60012 | Vaults:5 | Entered Level 5 of the Vaults
 60344 | Vaults:5 | Got a silver rune of Zot
 60353 | Vaults:5 | Identified the amulet "Wanois" {Faith +Blink rC+ rN+ rCorr}
 60414 | Vaults:5 | Identified the +1 hat "Wome" {*Corrode rF++}
 60454 | Vaults:5 | Identified the ring "Kydou" {rCorr Int+2 Dex-5 Stlth+}
 60574 | Vaults:5 | Reached skill level 15 in Dodging
 60607 | Vaults:5 | Paralysed by a sphinx for 3 turns
 60631 | Vaults:5 | Reached XP level 24. HP: 152/249 MP: 2/33
 60944 | Vaults:5 | Identified the +9 mace of Xada {heavy, Fly Str+2 Int-5
                  | Dex+4}
 60950 | Vaults:5 | Identified the +1 rapier of Eternity {venom, rN+}
 61343 | Vaults:5 | Got a torn book
 61465 | Vaults:5 | Noticed a dread lich
 61471 | Vaults:5 | Killed a dread lich
 62392 | Zot:1    | Entered Level 1 of the Realm of Zot
 63032 | Zot:1    | HP: 11/249 [black draconian/bolt of lightning[a black
                  | draconian knight] (30)]
 63368 | Zot:1    | Found the +4 dragonskin cloak
 63368 | Zot:1    | Noticed Tiamat
 64185 | Zot:1    | Killed Tiamat
 64728 | Zot:2    | Reached XP level 25. HP: 174/257 MP: 33/33
 65017 | Zot:2    | Identified the ring of Wariness {Ice Dex+3}
 65017 | Zot:2    | Noticed Josephina
 65029 | Zot:2    | Killed Josephina
 66144 | Zot:4    | Noticed an orb of fire
 66150 | Zot:4    | Gained mutation: Your magical capacity is low. (-10% MP)
                  | [an orb of fire]
 66153 | Zot:4    | Noticed an orb of fire
 66359 | Zot:3    | Gained mutation: You occasionally lose the ability to read
                  | scrolls when taking damage. [an orb of fire]
 66361 | Zot:3    | Gained mutation: You occasionally shout uncontrollably at
                  | your foes. [an orb of fire]
 66363 | Zot:3    | Gained mutation: You sometimes lose your temper in combat.
                  | [an orb of fire]
 66370 | Zot:3    | Gained mutation: You have an uncontrollable temper. [an orb
                  | of fire]
 66377 | Zot:3    | Killed an orb of fire
 66421 | Zot:3    | Upgraded the game from 0.31-a0-803-g95b03c3367 to
                  | 0.31-a0-806-g0bc164a743
 66721 | Zot:3    | Lost mutation: You have an uncontrollable temper. [potion
                  | of mutation]
 66721 | Zot:3    | Lost mutation: You are partially covered in iridescent
                  | scales. (AC +2) [potion of mutation]
 66721 | Zot:3    | Lost mutation: Your magical capacity is low. (-10% MP)
                  | [potion of mutation]
 66722 | Zot:3    | Lost mutation: Your mind is acute. (Int +4, Str/Dex -1)
                  | [potion of mutation]
 66722 | Zot:3    | Lost mutation: Armour fits poorly on your strangely shaped
                  | body. [potion of mutation]
 66722 | Zot:3    | Gained mutation: You have very sharp teeth. [potion of
                  | mutation]
 66722 | Zot:3    | Gained mutation: You are agile. (Dex +4, Str/Int -1)
                  | [potion of mutation]
 66722 | Zot:3    | Gained mutation: You passively map a small area around you.
                  | [potion of mutation]
 67339 | Zot:3    | Gained mutation: You are dopey. (Int -2) [an orb of fire]
 67359 | Zot:3    | Killed an orb of fire
 67652 | Zot:4    | Noticed an orb of fire
 67657 | Zot:4    | Gained mutation: You have hidden genetic defects. [an orb
                  | of fire]
 67693 | Zot:4    | Gained mutation: You are very agile. (Dex +8, Str/Int -2)
                  | [an orb of fire]
 67695 | Zot:3    | Lost mutation: You are very agile. (Dex +8, Str/Int -2) [an
                  | orb of fire]
 67700 | Zot:3    | Gained mutation: You have terrible hidden genetic defects.
                  | [an orb of fire]
 67707 | Zot:3    | Killed an orb of fire
 68380 | Zot:4    | Identified the +10 sling "Hahavo Ykaf" {drain, rN+ Str+4
                  | Stlth+}
 68568 | Zot:5    | Entered Level 5 of the Realm of Zot
 68651 | Zot:5    | Acquired 1038 gold pieces
 68759 | Zot:5    | Noticed a Killer Klown
 68781 | Zot:5    | Killed a Killer Klown
 68956 | Zot:5    | Gained mutation: You occasionally lose the ability to drink
                  | potions when taking damage. [hidden defects]
 69569 | D:8      | Fell from the grace of Elyvilon
 69569 | D:8      | Became a worshipper of Zin the Law-Giver
 69569 | D:8      | Reached * piety under Zin
 69569 | D:8      | Reached ** piety under Zin
 69569 | D:8      | Reached *** piety under Zin
 69569 | D:8      | Reached **** piety under Zin
 70038 | Zot:5    | Noticed a dread lich
 70039 | Zot:5    | Paralysed by a dread lich for 2 turns
 70078 | Zot:5    | Killed a dread lich
 70104 | Zot:5    | Noticed an ancient lich
 70105 | Zot:5    | Noticed a Killer Klown
 70117 | Zot:5    | Noticed an orb of fire
 70120 | Zot:5    | Killed an ancient lich
 70121 | Zot:5    | Reached XP level 26. HP: 255/266 MP: 33/33
 70130 | Zot:5    | Noticed an orb of fire
 70134 | Zot:5    | Noticed a dread lich
 70139 | Zot:5    | Killed an orb of fire
 70149 | Zot:5    | Gained mutation: Your spells are a little harder to cast,
                  | but a little more powerful. [an orb of fire]
 70151 | Zot:5    | Noticed an orb of fire
 70154 | Zot:5    | Killed an orb of fire
 70174 | Zot:5    | Paralysed by a dread lich for 5 turns
 70175 | Zot:5    | HP: 12/266 [Orb Guardian (3)]
 70175 | Zot:5    | Mangled by an Orb Guardian

Illustrated notes

Levels and vault maps discovered:
D:1:      amcnicky_arrival_underground_garden, layout_basic, patterned_corridor
D:2:      layout_loops_corners, dreamdust_ecumenical_altar_drowned_temple,
          corner_web_ring
D:3:      layout_basic, kennysheep_slug_shrine, mainiacjoe_overflow_alcove_4,
          minmay_misc_feat_enclosed
D:4:      layout_rooms, nicolae_overflow_hidden_temple, uniq_edmund,
          uniq_sigmund
D:5:      layout_loops_ring, nicolae_overflow_two_pavilions,
          kennysheep_generic_room_2
D:6:      layout_basic, lightli_temple_of_fire, temple_hall, uniq_grinder
D:7:      layout_rooms, okawaru_gym_becter
D:8:      layout_loops_ring, chequers_temple_overflow_statue_of_worship,
          nicolae_overflow_crystal_walls
D:9:      layout_basic, disabler_island, uniq_amaemon
D:10:     layout_roguey, lemuel_tele_altar, orc_0_dummy, uniq_sonja
D:11:     layout_rooms, hellmonk_lair_entry_icy,
          nicolae_qazlal_general_emergency
D:12:     layout_roguey, nicolae_specific_store, eino_house_with_fridge
D:13:     layout_roguey, serial_shops, nicolae_shop_pleasant_corner_grove,
          amcnicky_mini_pool_medium
D:14:     layout_basic, erik_vaults_2, chequers_arboretum,
          gauntlet_entry_generic, minmay_the_grid_2x2
          [minmay_the_grid_broken_lines, minmay_the_grid_dragon_b,
          minmay_the_grid_x, minmay_the_grid_prize_big_room]
D:15:     grunt_enter_depths_magical_seal, layout_basic,
          nicolae_elyvilon_peaceful_grove, serial_shops,
          nicolae_shop_behind_doors, nicolae_guarded_unrand_lochaber
Temple:   dpeg_chambers_temple
Lair:1:   layout_gridlike, serial_bayou_shore_a
Lair:2:   wad_woods_structure_01, layout_regular_city, spider_nest_entry_rubble
Lair:3:   layout_long_grid, minmay_swamp_entry_worms, uniq_urug
Lair:4:   layout_hall_layers, grunt_megastairs_3
Lair:5:   hellmonk_lair_end_abyssal_woods, layout_cave_pods, slime_entry_1,
          serial_bayou, serial_bayou_crossing, serial_bayou_lagoon_b,
          serial_bayou_lake_a, serial_bayou_pond_b, serial_bayou_pond_a,
          fungi_pond_lemuel
Swamp:1:  layout_falls_marsh, serial_swamp_ruin, evilmike_swamp_ruin_house_5,
          evilmike_swamp_ruin_wall, evilmike_swamp_ruin_rubble_2
Swamp:2:  layout_falls_marsh, evilmike_swamp_ruin_house_2, swamp_pool4,
          infiniplex_staircase_pool_2
Swamp:3:  layout_falls_marsh, evilmike_swamp_ruin_house_4,
          infiniplex_staircase_pool, uniq_louise
Swamp:4:  swamp_fiery, layout_basic_swamp
Spider:1: layout_cave_pods, nicolae_spider_paper_wasps,
          hangedman_spider_tarantella_strand, uniq_aizul
Spider:2: nicolae_spider_hall_of_the_moth_king, nicolae_spider_bzzzt
Spider:3: layout_cave_pods, uniq_mlioglotl, uniq_agnes
Spider:4: guppyfry_spider_rune, uniq_arachne
Slime:1:  layout_caves
Slime:2:  layout_caves
Slime:3:  nicolae_slime_jelly_donut, layout_caves, uniq_dissolution
Slime:4:  layout_caves
Slime:5:  slime_pit_nicolae_jellycorners
Orc:1:    layout_caves, uniq_maurice
Orc:2:    grunt_orc_cross, layout_caves
Elf:1:    elf_arrival_002, layout_rooms, serial_shops, shop, basic_altar,
          minmay_elf_sorcery, st_stairs_9, hangedman_glass_teeth,
          nicolae_elf_stone_circles, uniq_norris
Elf:2:    nicolae_elf_blades_crystal_corner, layout_loops_corners, serial_shops,
          shop
Elf:3:    nooodl_elf_gasket, layout_loops_ring
Vaults:1: nicolae_vaults_ninety_degrees, nicolae_vaults_swerve,
          nicolae_vaults_doubleplus_tesselated, vaults_dpeg_encased_lava,
          vaults_room_fancy_cross, nicolae_vaults_storage_closets_1,
          v_pattern_1, nicolae_vaults_little_squares_2, v_misc_33,
          nicolae_vaults_trapezoid_2, nicolae_vaults_double_plus_1,
          nicolae_vaults_trapezoid_lopsided_1, layout_vaults_omnicross,
          serial_shops, freezing_bzr
Vaults:2: hangedman_vaults_trim, nicolae_vaults_more_shelving_1,
          vaults_standard_mumra_x, minmay_crypt_entry_necro_gods, v_misc_19,
          v_misc_16, ontoclasm_vaults_gallery, layout_vaults_omnigrid,
          serial_shops, shop, uniq_xtahua
Vaults:3: portal_desolation_entry_salt, vaults_mumra_hex,
          nicolae_vaults_little_squares_5, v_misc_30, vaults_mumra_lcd,
          hangedman_vaults_capsules, v_pattern_5, layout_vaults_big_room
Vaults:4: hangedman_vaults_impose, st_lines, v_alt_pattern_2,
          nicolae_vaults_stepped_doors, v_misc_28, nicolae_vaults_spaceships,
          nicolae_vaults_little_squares_4, nicolae_vaults_disjoint_gnomons,
          v_misc_28, layout_vaults_maze, serial_shops, shop
Vaults:5
Depths:1: minmay_triangles_in_corner, layout_gridville, hell_entry,
          hangedman_abyss_or_decor_jellyfish_corner, dpeg_stationary_puzzle,
          infiniplex_staircase_pool_lava, minmay_shoptagon
Depths:2: gammafunk_its_a_trap, layout_cave_shapes, enter_ziggurat_e,
          grunt_pan_entry_in_and_out, minmay_fountain_box, hell_entry,
          lemuel_old_faithful
Depths:3: minmay_containers, layout_honeycomb, abyss_entry,
          chequers_serial_rivers_room_b, hell_entry, grunt_ministairs_8,
          infiniplex_staircase_squiggle, uniq_parghit
Depths:4: evilmike_zot_entry_castle, layout_basic, pf_coc_iceberg,
          enter_trove_2, grunt_decor_clamped, uniq_jory, uniq_vv, uniq_sojobo
Zot:1:    layout_gridlike, lemuel_baited_zot_trap, zot_minivault_3, uniq_tiamat
Zot:2:    layout_twisted_circle, uniq_josephina
Zot:3:    layout_twisted_circle
Zot:4:    dreamdust_black_sun_cult, layout_onion
Zot:5:    layout_gridlike

Skill      XL: |  1  2  3  4  5  6  7  8  9 10 11 12 13 14 15 16 17 18 19 20 21 22 23 24 25 26 |
---------------+-------------------------------------------------------------------------------+-----
Axes           | 3 4 5 7 8 10 13 16 18 19 21 25 27 | 27.0
Shields        | 4 5 7 9 12 14 16 19 20 | 20.0
Fighting       | 8 14 16 18 20 24 26 27 | 27.0
Invocations    | 1 7 10 11 12 13 15 | 15.0
Dodging        | 6 10 15 21 25 26 | 26.1
Armour         | 8 12 15 18 20 | 20.0

Action                     |  1- 3 |  4- 6 |  7- 9 | 10-12 | 13-15 | 16-18 | 19-21 | 22-24 | 25-27 || total
---------------------------+-------+-------+-------+-------+-------+-------+-------+-------+-------++-------
  Melee: War axe           |    84 |   111 |   322 |   497 |   470 |       |       |       |       ||  1484
         Headbutt          |     8 |    14 |    42 |   111 |   240 |   269 |   365 |   551 |   210 ||  1810
         Broad axe         |       |       |       |       |   466 |  1134 |  1258 |  1653 |   673 ||  5184
         Bite              |       |       |       |       |       |       |       |       |    80 ||    80
  Throw: Dart              |       |       |     4 |     7 |     4 |     5 |       |     4 |       ||    24
         Throwing net      |       |       |       |     2 |       |       |     3 |     2 |       ||     7
 Invoke: Divine Vigour     |       |       |       |       |     1 |     2 |     2 |     2 |       ||     7
         Heal Self         |       |       |       |       |     1 |    14 |    23 |    16 |     2 ||    56
         Purification      |       |       |       |       |     1 |     2 |     7 |       |       ||    10
  Evoke: Wand              |       |       |       |       |       |     1 |       |     6 |       ||     7
         Phantom mirror    |       |       |       |       |       |       |     1 |       |       ||     1
    Use: Scroll            |     4 |     6 |    11 |     4 |    13 |    15 |    17 |    14 |     6 ||    90
         Potion            |       |     2 |       |     6 |       |     6 |    11 |    10 |     6 ||    41
 Armour: Scale mail        |    56 |    73 |   100 |       |       |       |       |       |       ||   229
         Plate armour      |       |       |    80 |   437 |   721 |  1097 |   929 |   260 |       ||  3524
         Chain mail        |       |       |    52 |       |       |       |       |       |       ||    52
         Gold dragon scale |       |       |       |       |       |       |       |   901 |   578 ||  1479
  Dodge: Dodged            |    37 |    38 |    93 |    97 |   247 |   370 |   299 |   338 |   253 ||  1772
  Block: Buckler           |    21 |    25 |    56 |    91 |    94 |       |       |       |       ||   287
         Kite shield       |       |       |       |       |   161 |    64 |       |       |       ||   225
         Tower shield      |       |       |       |       |       |   806 |   910 |  1218 |   577 ||  3511

Table legend: (Time is in decaauts)
 A = Elapsed time spent in this place.
 B = Non-inter-level travel time spent in this place.
 C = Inter-level travel time spent in this place.
 D = Time resting spent in this place.
 E = Time spent auto-exploring this place.
 F = Levels seen in this place.
 G = Mean time per level.
                   A        B        C        D        E       F      G
               +--------+--------+--------+--------+--------+-----+--------+
         Total |  69207 |  63576 |   5631 |  12476 |  36571 |  57 | 1214.2 |
       Dungeon |  19310 |  17595 |   1715 |   2034 |  12756 |  15 | 1287.3 |
        Temple |     16 |     16 |      0 |      0 |      0 |   1 |   16.0 |
          Lair |   8412 |   7618 |    794 |   1032 |   5415 |   5 | 1682.4 |
         Swamp |   4010 |   3914 |     96 |   1251 |   2009 |   4 | 1002.5 |
   Spider Nest |   6865 |   6635 |    230 |   2361 |   2925 |   4 | 1716.2 |
    Slime Pits |   1538 |   1375 |    163 |    344 |    416 |   5 |  307.6 |
  Orcish Mines |   2464 |   2294 |    170 |    706 |    952 |   2 | 1232.0 |
   Elven Halls |   4110 |   3916 |    194 |    650 |   2108 |   3 | 1370.0 |
        Vaults |   8785 |   7644 |   1141 |   1080 |   4423 |   5 | 1757.0 |
        Depths |   5824 |   5138 |    686 |    838 |   2846 |   4 | 1456.0 |
           Zot |   6931 |   6493 |    438 |   2102 |   2543 |   5 | 1386.2 |
         Abyss |    231 |    231 |      0 |      0 |    110 |   1 |  231.0 |
        Bazaar |    128 |    128 |      0 |      0 |     67 |   1 |  128.0 |
    Desolation |     91 |     91 |      0 |     58 |      0 |   1 |   91.0 |
      Gauntlet |    487 |    487 |      0 |     18 |      0 |   1 |  487.0 |
               +--------+--------+--------+--------+--------+-----+--------+

Top non-repeatable levels by time:
    D:14: 2984 daAuts
  Lair:5: 2782 daAuts
   Zot:3: 2633 daAuts
Spider:3: 2525 daAuts
Depths:4: 2349 daAuts
Vaults:1: 2031 daAuts
Vaults:2: 2007 daAuts
Spider:2: 1958 daAuts
    D:15: 1918 daAuts
   Zot:1: 1904 daAuts
Vaults:5: 1815 daAuts
  Lair:2: 1777 daAuts
     D:9: 1770 daAuts
    D:12: 1705 daAuts
   Orc:2: 1703 daAuts
